 Dungeon Crawl Stone Soup version 0.23.2-1-ga50397a (webtiles) character file.

Game seed: 13850384738267807347

70 troglodite the Digger (level 4, 0/25 HPs)
             Began as a Gargoyle Earth Elementalist on May 21, 2019.
             Slain by an iron imp (2 damage)
             ... summoned by Natasha
             ... on level 2 of the Dungeon.
             The game lasted 00:11:16 (3326 turns).

troglodite the Digger (Gargoyle Earth Elementalist) Turns: 3326, Time: 00:11:17

Health: 0/25       AC:  6    Str: 12    XL:     4   Next: 21%
Magic:  16/16      EV: 11    Int: 15    God:
Gold:   89         SH:  3    Dex: 11    Spells: 3/7 levels left

rFire    . . .     SeeInvis .   a - +0 dagger
rCold    . . .     Gourm    .   e - +0 buckler
rNeg     + . .     Faith    .   c - +0 robe
rPois    ∞         Spirit   .   n - +0 helmet
rElec    +         Reflect  .   (no cloak)
rCorr    .         Harm     .   (no gloves)
MR       .....                  (no boots)
Stlth    ++........             (no amulet)
HPRegen  0.08/turn              j - ring of magical power
MPRegen  0.15/turn              (no ring)

@: slowed, drained, very slow
A: negative energy resistance 1, electricity resistance, unbreathing,
petrification resistance, rot immunity, AC +3
a: no special abilities


You were on level 2 of the Dungeon.
You were not hungry.

You visited 1 branch of the dungeon, and saw 2 of its levels.

You collected 89 gold pieces.

Inventory:

Hand Weapons
 a - a +0 dagger (weapon)
Missiles
 b - 104 stones (quivered)
Armour
 c - a +0 robe (worn)
 e - a +0 buckler (worn)
 n - a +0 helmet (worn)
Jewellery
 j - a ring of magical power (left hand)
Scrolls
 f - 2 scrolls of identify
 h - 2 scrolls of enchant armour
Comestibles
 d - a ration


   Skills:
 * Level 1.2(0.3) Fighting
 + Level 0.3(0.0) Short Blades
 + Level 1.8(0.8) Dodging
 * Level 3.0(2.0) Stealth
 * Level 2.4(1.5) Spellcasting
 * Level 0.5(0.0) Conjurations
   Level 0.7(0.0) Transmutations
 * Level 4.3(3.3) Earth Magic


You had 3 spell levels left.
You knew the following spells:

 Your Spells              Type           Power        Failure   Level  Hunger
a - Sandblast             Erth           ##....       10%         1    ##.....
b - Stone Arrow           Conj/Erth      #.....       52%         3    ####...

Your spell library contained the following spells:

 Spells                   Type           Power        Failure   Level  Hunger
 Passwall                 Tmut/Erth      #.......     30%         2    ###....
 Petrify                  Tmut/Erth      #.......     89%         4    #####..
 Lee's Rapid Deconstruct  Erth           ##........   95%         5    ######.


Dungeon Overview and Level Annotations

Branches:
Dungeon (2/15)

Altars:

Annotations:
D:2 Natasha


Innate Abilities, Weirdness & Mutations

You are resistant to torment.
Your stone body is resilient. (AC +3)
You are immune to poison.
You resist negative energy. (rN+)
You are resistant to electric shocks. (rElec)
You can survive without breathing.
You are immune to petrification.
You are immune to rotting.


Message History

* * * LOW HITPOINT WARNING * * *
The iron imp closely misses you. Natasha barely misses you.
The shadow imp disappears for a moment.
You feel yourself speed up. The shadow imp gestures at you.
Pain shoots through your body!
* * * LOW HITPOINT WARNING * * *
Natasha barely misses you. Natasha casts a spell at you.
You feel yourself slow down.
You see here 8 gold pieces.
Natasha mewls in sadness.
You block Natasha's attack.
The iron imp summons a swarm of flies.
Natasha claws you but does no damage. Natasha claws you.
* * * LOW HITPOINT WARNING * * *
Natasha casts a spell.
The iron imp hits you.
You die...

#....>..........#...# #.#
#.###.###.......'...# #.# ...#
#.5.....#...# #.# .......
####....#...###.######## .......
+.......#.........h....# .......
###.5...#######.######.#
####'####....................#.#
####.# #..$..h55#######.###.#.#
.....# #....###@# #.#...#.# .#
#....# #.# #.#...#.# .# ######
#.# #.###<#.## .# #.. #.....#.#.
.# ### #####.#.#. ## #.#.#.
#.#.#. #.#.#. # #.#.#.


You could see an iron imp, Natasha and 2 shadow imps.

Vanquished Creatures
  Robin (D:1)
  An adder (D:2)
  A worm (D:2)
  A dart slug (D:2)
  3 leopard geckos
  4 bats (D:2)
  13 goblins
  2 hobgoblins (D:2)
  A quokka (D:2)
  A ball python (D:1)
  5 frilled lizards
  8 kobolds
  2 rats
43 creatures vanquished.

Vanquished Creatures (others)
  5 toadstools (D:1)
5 creatures vanquished.

Grand Total: 48 creatures vanquished

Notes
Turn   | Place    | Note
-------+----------+-------------------------------------------
     0 | D:1      | troglodite the Gargoyle Earth Elementalist began the quest
                  | for the Orb.
     0 | D:1      | Reached XP level 1. HP: 10/10 MP: 3/3
   169 | D:1      | Reached skill level 1 in Fighting
   205 | D:1      | Reached XP level 2. HP: 16/16 MP: 5/5
  1058 | D:2      | Reached skill level 4 in Earth Magic
  1434 | D:2      | Reached XP level 3. HP: 12/20 MP: 6/6
  1585 | D:2      | Noticed Robin
  2140 | D:1      | Killed Robin
  2439 | D:1      | Learned a level 3 spell: Stone Arrow
  2744 | D:2      | Noticed Natasha
  2987 | D:2      | Reached XP level 4. HP: 20/25 MP: 7/7
  3326 | D:2      | Slain by an iron imp

Skill      XL: |  1  2  3 |
---------------+----------+-----
Fighting       | 1 |  1.2
Earth Magic    | 4 |  4.3
Stealth        | 3 |  3.0
Short Blades   | |  0.3
Dodging        | |  1.8
Spellcasting   | |  2.4
Conjurations   | |  0.5
Transmutations | |  0.7

Action                   |  1- 3 |  4- 6 || total
-------------------------+-------+-------++-------
Melee: Dagger            |   117 |    33 ||   150
       Unarmed           |     2 |       ||     2
 Cast: Sandblast         |    25 |     7 ||    32
  Use: Scroll            |     5 |       ||     5
       Potion            |     1 |       ||     1
 Stab: Sleeping          |     2 |       ||     2
  Eat: Chunk             |     6 |       ||     6
       Ration            |     1 |       ||     1
Armor: Robe              |    47 |    22 ||    69
Dodge: Dodged            |   100 |    37 ||   137
Block: Buckler           |       |     6 ||     6
